 Dungeon Crawl Stone Soup version 0.25-a0-403-g49d089a (webtiles) character file.

Game seed: 4024038368400285237, levelgen mode: deterministic

311 JeffiDaFish the Grave Robber (level 6, -2/32 HPs)
             Began as a Deep Elf Necromancer on Jan 9, 2020.
             Slain by a gnoll
             ... wielding a +0 spear
              (5 damage)
             ... while paralysed by Grinder
             ... on level 4 of the Dungeon.
             The game lasted 00:07:01 (2959 turns).

JeffiDaFish the Grave Robber (Deep Elf Necromancer) Turns: 2959, Time: 00:07:01

Health: -2/32      AC:  5    Str:  5    XL:     6   Next: 18%
Magic:  8/15       EV:  2    Int: 22    God:
Gold:   101        SH:  0    Dex: 15    Spells: 6/15 levels left

rFire    . . .     SeeInvis .   e - +1 dagger
rCold    . . .     Gourm    .   (no shield)
rNeg     . . .     Faith    .   a - +1 robe
rPois    .         Spirit   .   (no helmet)
rElec    .         Reflect  .   (no cloak)
rCorr    .         Harm     .   f - +1 pair of gloves
MR       .....                  (no boots)
Stlth    ++........             (no amulet)
HPRegen  0.10/turn              (no ring)
MPRegen  0.14/turn              (no ring)

@: paralysed
A: no striking features
a: no special abilities


You were on level 4 of the Dungeon.
You were hungry.

You visited 1 branch of the dungeon, and saw 4 of its levels.

You collected 101 gold pieces.

Inventory:

Hand Weapons
 e - a +1 dagger (weapon)
Armour
 a - a +1 robe (worn)
 f - a +1 pair of gloves (worn)
Potions
 b - a potion of brilliance {unknown}
 g - a potion of curing
 h - a potion of berserk rage
Comestibles
 c - 6 rations


   Skills:
 + Level 4.4 Dodging
 - Level 2.4 Stealth
 + Level 5.1 Spellcasting
 * Level 7.2 Necromancy


You had 6 spell levels left.
You knew the following spells:

 Your Spells              Type           Power        Failure   Level  Hunger
a - Pain                  Necr           ####         1%          1    None
b - Animate Skeleton      Necr           N/A          1%          1    None
c - Vampiric Draining     Necr           #####.....   1%          3    ##.....
d - Animate Dead          Necr           N/A          4%          4    ####...

Your spell library contained the following spells:

 Spells                   Type           Power        Failure   Level  Hunger
 Agony                    Necr           #####...     14%         5    #####..


Dungeon Overview and Level Annotations

Branches:
Dungeon (3/15)

Altars:
Fedhas
Ru
Trog

Annotations:
D:4 Grinder


Message History

A quokka comes into view.
The leopard gecko skeleton barely misses you.
The gnoll misses you.
The gnoll hits you from afar with a +0 spear!
* * * LOW HITPOINT WARNING * * *
You see here 9 gold pieces.
Grinder gestures at you. You resist with some effort.
Grinder blinks!
The leopard gecko skeleton barely misses you.
Grinder gestures at you.
You suddenly lose the ability to move!
The gnoll hits you from afar with a +0 spear.
* * * LOW HITPOINT WARNING * * *
The gnoll hits you from afar with a +0 spear.
* * * LOW HITPOINT WARNING * * *
The gnoll hits you from afar with a cursed +0 halberd.
* * * LOW HITPOINT WARNING * * *
The gnoll hits you from afar with a +0 spear.
You die...

#### #..## .## #...#
...## ####...###
...?.##........#
..........@.gZ.##
............g#..#
.#.....#.#.##..# #
###.#.###5.#g###
..#...#)##....g..#####
#.......##...#....#..#
##......##..#.#......#
#....†..#..#.......##
##....)....#.......#


You could see Grinder, 2 gnolls and a leopard gecko skeleton.

Vanquished Creatures
  Sigmund (D:4)
  A gnoll shaman (D:4)
  3 gnolls (D:4)
  4 adders
  2 worms (D:2)
  3 dart slugs (D:1)
  2 leopard geckos
  9 bats
  2 giant cockroaches (D:2)
  9 goblins
  5 hobgoblins
  9 jackals
  A quokka (D:2)
  3 kobolds
  6 rats
60 creatures vanquished.

Vanquished Creatures (collateral kills)
  A jackal (D:1)
  A rat (D:3)
2 creatures vanquished.

Grand Total: 62 creatures vanquished

Notes
Turn   | Place    | Note
-------+----------+-------------------------------------------
     0 | D:1      | JeffiDaFish the Deep Elf Necromancer began the quest for
                  | the Orb.
     0 | D:1      | Reached XP level 1. HP: 10/10 MP: 6/6
   102 | D:1      | Learned a level 1 spell: Animate Skeleton
   145 | D:1      | Reached skill level 5 in Necromancy
   246 | D:1      | Reached XP level 2. HP: 9/15 MP: 1/8
  1195 | D:1      | Reached XP level 3. HP: 6/19 MP: 3/10
  1836 | D:2      | Learned a level 3 spell: Vampiric Draining
  2327 | D:2      | Reached XP level 4. HP: 21/24 MP: 6/11
  2517 | D:2      | Reached skill level 6 in Necromancy
  2636 | D:3      | Found a blossoming altar of Fedhas.
  2636 | D:3      | Found a bloodstained altar of Trog.
  2637 | D:3      | Found a sacrificial altar of Ru.
  2673 | D:3      | Learned a level 4 spell: Animate Dead
  2769 | D:3      | You fall into a shaft and drop 1 floor!
  2770 | D:4      | Noticed Sigmund
  2777 | D:4      | Killed Sigmund
  2777 | D:4      | Reached skill level 7 in Necromancy
  2777 | D:4      | Reached XP level 5. HP: 27/28 MP: 1/14
  2888 | D:4      | Reached skill level 5 in Spellcasting
  2888 | D:4      | Reached XP level 6. HP: 26/32 MP: 5/15
  2918 | D:4      | Noticed Grinder
  2955 | D:4      | Paralysed by Grinder for 7 turns
  2959 | D:4      | Slain by a gnoll

Levels and vault maps discovered:
D:1:      dpeg_arrival_erosion, layout_rooms
D:2:      layout_loops_cross, grunt_decor_arrowhead
D:3:      layout_rooms, nicolae_overflow_quartered_altars,
          grunt_temple_overflow_open, first_ration, hangedman_decor_lopped
D:4:      layout_cave_pools, minmay_temple_entry_butterflies,
          uniq_crazy_yiuf_cottage, uniq_grinder, uniq_sigmund

Skill      XL: |  1  2  3  4  5 |
---------------+----------------+-----
Necromancy     | 5 7 |  7.2
Dodging        | 3 4 |  4.4
Spellcasting   | 4 5 |  5.1
Stealth        | |  2.4

Action                   |  1- 3 |  4- 6 || total
-------------------------+-------+-------++-------
Melee: Dagger            |    11 |     9 ||    20
       Unarmed           |     1 |       ||     1
 Cast: Pain              |    79 |    32 ||   111
       Animate Skeleton  |    18 |     3 ||    21
       Vampiric Draining |       |     8 ||     8
       Animate Dead      |       |     2 ||     2
  Use: Potion            |     2 |     2 ||     4
       Scroll            |     4 |     1 ||     5
 Stab: Sleeping          |       |     2 ||     2
  Eat: Chunk             |     4 |     2 ||     6
Armor: Robe              |     9 |     7 ||    16
Dodge: Dodged            |    33 |    21 ||    54

Table legend:
 A = Non-vault XP
 B = Vault XP
 C = Vault XP percentage of total XP
 D = Non-vault monster count
 E = Vault monster count
 F = Vault count percentage of total count
                 A         B        C        D         E       F
            +---------+---------+-------+---------+---------+-------
      Total |     237 |     208 |  46.7 |      61 |       1 |   1.6
            +---------+---------+-------+---------+---------+-------
        D:1 |      54 |       0 |   0.0 |      28 |       0 |   0.0
        D:2 |      70 |       0 |   0.0 |      23 |       0 |   0.0
        D:3 |      35 |       0 |   0.0 |       6 |       0 |   0.0
        D:4 |      78 |     208 |  72.7 |       4 |       1 |  20.0
            +---------+---------+-------+---------+---------+-------
